 Dungeon Crawl Stone Soup version 0.31-a0-237-g2d982f9f85 (webtiles) character file.

Game seed: 15876361734163480779

2237 rabbitsville the Arsonist (level 9, -3/62 HPs)
             Began as a Hill Orc Fire Elementalist on July 12, 2023.
             Was an Initiate of Sif Muna.
             Slain by a cyclops (29 damage)
             ... on level 7 of the Dungeon.
             The game lasted 00:20:01 (8223 turns).

rabbitsville the Arsonist (HOFE)                    Turns: 8223, Time: 00:20:02

Health: -3/62      AC:  5    Str: 11    XL:     9   Next: 36%
Magic:  3/11       EV: 12    Int: 19    God:    Sif Muna [......]
Gold:   377        SH:  0    Dex: 11    Spells: 8/11 levels left

rFire   . . .        k - +0 dagger (elec)
rCold   . . .        (no shield)
rNeg    . . .        a - +0 robe
rPois   .            o - +0 hat {Stlth+}
rElec   .            u - +0 cloak
rCorr   .            s - +0 pair of gloves
SInv    .            i - +0 pair of boots
Will    .....        p - amulet of magic regeneration
Stlth   +++          (no ring)
HPRegen 0.30/turn    (no ring)
MPRegen 0.52/turn

%: no passive effects
@: no status effects
A: no striking features
a: Renounce Religion


You were on level 7 of the Dungeon.
You worshipped Sif Muna.
Sif Muna was noncommittal.
You visited 2 branches of the dungeon, and saw 8 of its levels.

You collected 377 gold pieces.

Inventory:

Hand Weapons
 g - a +0 club
 k - a +0 dagger of electrocution (weapon)
Missiles
 l - 17 poisoned darts
 D - a throwing net
Armour
 a - a +0 robe (worn)
 i - a +0 pair of boots (worn)
 o - a +0 hat of stealth (worn)
 s - a +0 pair of gloves (worn)
 u - a +0 cloak (worn)
Jewellery
 p - an amulet of magic regeneration (around neck)
 x - an amulet of reflection
 C - a ring of ice
Wands
 F - a wand of flame (24)
 G - a wand of iceblast (12)
 H - a wand of mindburst (16)
Scrolls
 d - a scroll of blinking {unknown}
 e - 8 scrolls of identify
 f - a scroll of fog {unknown}
 h - 2 scrolls of immolation {unknown}
 m - 2 scrolls of poison {unknown}
 r - a scroll of noise {unknown}
 t - a scroll of revelation {unknown}
 v - 2 scrolls of enchant weapon {unknown}
 w - 5 scrolls of vulnerability {unknown}
 y - a scroll of summoning {unknown}
 E - a scroll of amnesia {unknown}
Potions
 b - a potion of magic
 c - a potion of lignification
 j - 4 potions of curing
 n - a potion of berserk rage {unknown}
 q - a potion of heal wounds {unknown}
 z - a potion of experience {unknown}
 A - a potion of ambrosia {unknown}
 B - 2 potions of mutation {unknown}


   Skills:
 - Level 1.5 Dodging
 - Level 1.5 Stealth
 - Level 1.5 Spellcasting
 + Level 7.0 Conjurations
 * Level 11.3 Fire Magic


You had 8 spell levels left.
You knew the following spells:

 Your Spells              Type           Power      Damage    Failure   Level
a - Foxfire               Conj/Fire      100%       2x1d9     1%          1
b - Scorch                Fire           88%        2d8       1%          2

Your spell library contained the following spells:

 Spells                   Type           Power      Damage    Failure   Level
 Flame Wave               Conj/Fire      36%        2d10      4%          4
 Inner Flame              Hex/Fire       23%        N/A       5%          3
 Volatile Blastmotes      Fire/Tloc      46%        2d13      5%          3
 Fireball                 Conj/Fire      18%        3d9       11%         5
 Mephitic Cloud           Conj/Pois/Air  10%        N/A       21%         3
 Poisonous Vapours        Pois/Air       2%         N/A       26%         2
 Gell's Gravitas          Tloc           1%         N/A       47%         3
 Teleport Other           Tloc           1%         N/A       47%         3
 Starburst                Conj/Fire      18%        6d7       52%         6
 Manifold Assault         Tloc           1%         N/A       87%         4
 Freezing Cloud           Conj/Ice/Air   5%         6-21      88%         5
 Plasma Beam              Fire/Air       11%        2x1d22    95%         6
 Dispersal                Tloc           0%         N/A       100%        6
 Disjunction              Tloc           0%         N/A       100%        8


Dungeon Overview and Level Annotations

Branches:
Dungeon (7/15)             Temple (1/1) D:7

Altars:
Ashenzari
Cheibriados
Dithmenos
Elyvilon
Fedhas
Gozag
Kikubaaqudgha
Makhleb
Nemelex Xobeh
Okawaru
Qazlal
Ru
Sif Muna
Trog
Uskayaw
Vehumet
Wu Jian
Xom
Yredelemnul
The Shining One

Shops:
D:2 *   D:3 (


Message History

Flames lash the ufetubus.
The ufetubus is burned terribly!
You kill the ufetubus!
Sif Muna accepts your kill.
The bullfrog hits you but does no damage.
Flames lash the bullfrog.
The bullfrog is severely wounded.
The bullfrog's fire resistance burns away.
The bullfrog misses you. The bullfrog hits you.
Flames lash the bullfrog.
The bullfrog is burned terribly!
You kill the bullfrog!
Sif Muna accepts your kill.
A cyclops is nearby!
You start resting.
HP restored.
The cyclops throws a large rock.
The large rock hits you!!!
Ouch! That really hurt!
You are too injured to fight recklessly!
Casting: Scorch (safe; 1% risk of failure)
Press: ? - help, Q - select action, (/) - cycle Dir - look around, f - activate Flames lash the cyclops.
The cyclops is lightly wounded.
The cyclops's fire resistance burns away.
Casting: Scorch (safe; 1% risk of failure)
Press: ? - help, Q - select action, (/) - cycle Dir - look around, f - activate Flames lash the cyclops.
The cyclops is burned terribly!
The cyclops is severely wounded.
Casting: Scorch (safe; 1% risk of failure)
Press: ? - help, Q - select action, (/) - cycle Dir - look around, f - activate Flames lash the cyclops.
The cyclops is burned terribly!
The cyclops is almost dead.
Casting: Scorch (safe; 1% risk of failure)
Press: ? - help, Q - select action, (/) - cycle Dir - look around, f - activate Flames lash the cyclops.
The cyclops is burned terribly!
The cyclops is almost dead.
Casting: Scorch (safe; 1% risk of failure)
Press: ? - help, Q - select action, (/) - cycle Dir - look around, f - activate Flames lash the cyclops.
The cyclops is burned terribly!
The cyclops is almost dead.
The cyclops hits you!!
You die...

###'#########l#
#.#...##8##...###
#.##..C...+..# ..
#.#.#.#8)8#.#.##.
#.#####8.8#### #.####
#.# #.#8.8##.#.#.#...
#.# #.##'###.#.#.#.##
#.###.##†.##.#.#....#
#...@C.......#.#..#..
#####.###.####.##...#
#.# #.# #.###.## #.#
#.####.# #.#
#.###......###.#
#.....)........#
################


You could see a cyclops (combustible).

Vanquished Creatures
  Sigmund (D:2)
  An ice beast (D:5)
  2 black bears
  A sky beast (D:7)
  An ogre (D:7)
  3 bullfrogs (D:7)
  A scorpion (D:5)
  2 gnoll sergeants
  7 wights (D:6)
  A howler monkey (D:5)
  4 jellies
  3 orc priests
  A gnoll bouda (D:7)
  2 hounds (D:5)
  2 sleepcaps
  2 iguanas
  Natasha (D:2)
  2 orc wizards
  Terence (D:3)
  Robin (D:3)
  12 gnolls
  4 adders
  3 shadow imps
  3 ufetubi
  2 worms (D:4)
  5 dart slugs
  21 orcs
  5 bats
  4 endoplasms
  2 giant cockroaches (D:2)
  14 goblins
  12 hobgoblins
  7 jackals
  8 quokkas
  7 ball pythons
  5 frilled lizards
  8 kobolds
  10 rats
171 creatures vanquished.

Vanquished Creatures (collateral kills)
  A foxfire (D:3)
1 creature vanquished.

Vanquished Creatures (others)
  487 foxfires
487 creatures vanquished.

Grand Total: 659 creatures vanquished

Notes
Turn   | Place    | Note
-------+----------+-------------------------------------------
     0 | D:1      | rabbitsville the Hill Orc Fire Elementalist began the quest
                  | for the Orb.
     0 | D:1      | Reached XP level 1. HP: 14/14 MP: 3/3
     8 | D:1      | Noticed an electric eel
   291 | D:1      | Reached XP level 2. HP: 20/20 MP: 0/4
   647 | D:1      | Reached skill level 4 in Fire Magic
   905 | D:2      | Found a faded altar of an unknown god.
   946 | D:2      | Found Gireri's Assorted Antiques.
  1041 | D:2      | Reached XP level 3. HP: 26/26 MP: 0/5
  1155 | D:2      | Noticed Natasha
  1251 | D:1      | Learned a level 2 spell: Scorch
  1259 | D:3      | Noticed Terence
  1855 | D:2      | Noticed Sigmund
  2061 | D:3      | Reached XP level 4. HP: 33/33 MP: 3/6
  2182 | D:3      | Found Iruozae's Weapon Shoppe.
  2570 | D:3      | Noticed Robin
  2661 | D:3      | Reached skill level 5 in Fire Magic
  2675 | D:3      | Killed Robin
  2853 | D:3      | Found an ancient bone altar of Kikubaaqudgha.
  2969 | D:3      | Reached XP level 5. HP: 38/38 MP: 2/7
  3541 | D:4      | Reached skill level 6 in Fire Magic
  3541 | D:4      | Reached XP level 6. HP: 45/45 MP: 0/8
  3743 | D:4      | Noticed a black bear
  3748 | D:4      | Killed a black bear
  3940 | D:4      | Found a basalt altar of Yredelemnul.
  4080 | D:5      | Entered Level 5 of the Dungeon
  4135 | D:3      | Killed Terence
  4523 | D:2      | Killed Natasha
  4607 | D:1      | Reached skill level 7 in Fire Magic
  4645 | D:2      | Killed Sigmund
  4646 | D:2      | Reached XP level 7. HP: 50/50 MP: 3/9
  5518 | D:5      | Reached skill level 8 in Fire Magic
  5617 | D:5      | Reached skill level 5 in Conjurations
  5617 | D:5      | Reached XP level 8. HP: 57/57 MP: 0/10
  6002 | D:5      | Found a glowing golden altar of the Shining One.
  6002 | D:5      | Found a blossoming altar of Fedhas.
  6008 | D:5      | Found a stormy altar of Qazlal.
  6010 | D:5      | Found a sparkling altar of Nemelex Xobeh.
  6012 | D:5      | Found an opulent altar of Gozag.
  6023 | D:5      | Found a broken altar of Ashenzari.
  6135 | D:5      | Reached skill level 9 in Fire Magic
  6853 | D:6      | Reached skill level 10 in Fire Magic
  7171 | D:7      | Reached XP level 9. HP: 60/62 MP: 7/11
  7185 | D:7      | Found a snail-covered altar of Cheibriados.
  7306 | D:7      | Found a staircase to the Ecumenical Temple.
  7328 | Temple   | Entered the Ecumenical Temple
  7361 | Temple   | Became a worshipper of Sif Muna the Loreminder
  7702 | D:7      | Reached skill level 11 in Fire Magic
  8120 | D:7      | Noticed a cyclops
  8223 | D:7      | Slain by a cyclops

Illustrated notes

Levels and vault maps discovered:
D:1:      arrival_aquarium_a, layout_loops_ring
D:2:      minmay_recursive_quarters, layout_rooms, serial_shops, shop,
          basic_ecumenical_altar, minmay_misc_feat_rows, minmay_misc_feat_chi,
          minmay_box_of_dots, uniq_sigmund, uniq_natasha
D:3:      layout_loops_corners, mainiacjoe_overflow_alcove_1, serial_shops,
          nicolae_shop_bloodbath_and_beyond, uniq_robin, uniq_terence
D:4:      layout_basic, yredelemnul_altar_generic, serial_bayou_crossing
D:5:      layout_loops_ring, nicolae_overflow_hallway_of_the_gods,
          grunt_ministairs_10, minmay_holes, kennysheep_generic_room_5
D:6:      layout_basic, minmay_misc_feat_pillars
D:7:      minmay_chambers_of_sevens, layout_loops_ring,
          overflow_temple_1_default, temple_fountains
Temple:   bh_familiar_temple

Skill      XL: |  1  2  3  4  5  6  7  8  9 |
---------------+----------------------------+-----
Fire Magic     | 4 5 6 7 8 10 11 | 11.3
Conjurations   | 2 3 4 5 6 7 |  7.0
Dodging        | |  1.5
Stealth        | |  1.5
Spellcasting   | |  1.5

Action                     |  1- 3 |  4- 6 |  7- 9 || total
---------------------------+-------+-------+-------++-------
  Melee: Club              |     3 |       |       ||     3
         Dagger            |     4 |    28 |     9 ||    41
         Punch             |       |     1 |       ||     1
  Throw: Dart              |       |     1 |     1 ||     2
   Cast: Foxfire           |    86 |    89 |   113 ||   288
         Scorch            |       |    25 |    70 ||    95
    Use: Scroll            |     2 |     1 |     2 ||     5
   Stab: Sleeping          |     1 |       |       ||     1
 Armour: Robe              |    15 |     4 |     6 ||    25
  Dodge: Dodged            |    46 |    23 |    32 ||   101
  Block: Other             |       |     2 |     4 ||     6

Table legend: (Time is in decaauts)
 A = Elapsed time spent in this place.
 B = Non-inter-level travel time spent in this place.
 C = Inter-level travel time spent in this place.
 D = Time resting spent in this place.
 E = Time spent auto-exploring this place.
 F = Levels seen in this place.
 G = Mean time per level.
                   A        B        C        D        E       F      G
               +--------+--------+--------+--------+--------+-----+--------+
         Total |   8244 |   7904 |    340 |    746 |   5619 |   8 | 1030.5 |
       Dungeon |   8053 |   7732 |    321 |    746 |   5455 |   7 | 1150.4 |
        Temple |    191 |    172 |     19 |      0 |    164 |   1 |  191.0 |
               +--------+--------+--------+--------+--------+-----+--------+

Top non-repeatable levels by time:
     D:3: 1844 daAuts
     D:5: 1165 daAuts
     D:2: 1162 daAuts
     D:1: 1112 daAuts
     D:6: 1063 daAuts
     D:7: 866 daAuts
     D:4: 839 daAuts
  Temple: 191 daAuts
